 Dungeon Sprint DCSS version 0.29.1-4-g47bece8355 (webtiles) character file.

Game seed: 12172913311289879294

4046 boopmooplesden the Severer (level 10, -1/111 HPs)
             Began as a Minotaur Berserker on Dec 7, 2022.
             Was a High Priest of Trog.
             Slain by an unseen horror (2 damage)
             ... in the Dungeon (Sprint I: "Red Sonja").
             The game lasted 00:02:35 (2159 turns).

boopmooplesden the Severer (Minotaur Berserker)     Turns: 2159, Time: 00:02:36

Health: -1/111     AC:  9    Str: 26    XL:     10   Next: 4%
Magic:  9/9        EV: 13    Int:  4    God:    Trog [*****.]
Gold:   243        SH:  0    Dex: 10    Spells: 9/9 levels left

rFire   + + .      SeeInvis .   a - +0 hand axe
rCold   . . .      Faith    .   (no shield)
rNeg    . . .      Spirit   .   m - +1 scale mail of Feasting {Contam rElec rF++}
rPois   .          Reflect  .   (helmet restricted)
rElec   +          Harm     .   (no cloak)
rCorr   .          Rampage  .   (no gloves)
Will    .....      NoTele   +   (no boots)
Stlth   ..........              (no amulet)
HPRegen 0.28/turn               (no ring)
MPRegen 0.11/turn               (no ring)

@: on berserk cooldown, hasted and slowed
A: horns 2, retaliatory headbutt
a: Renounce Religion, Berserk, Trog's Hand, Brothers in Arms


You were in the Dungeon.
You worshipped Trog.
Trog was extremely pleased with you.
You visited 1 branch You collected 757 gold pieces.
You spent 514 gold pieces at shops.

Inventory:

Hand Weapons
 a - a +0 hand axe (weapon)
Armour
 b - a +0 animal skin
 j - a +0 leather armour
 m - the +1 scale mail of Feasting (worn) {Contam rElec rF++}
   (You bought it in a shop in the Dungeon)

   rF:        It greatly protects you from fire.
   rElec:     It insulates you from electricity.
   Contam:    It causes magical contamination when unequipped.
Wands
 i - a wand of flame (17)
Scrolls
 h - a scroll of vulnerability {unknown}
 k - a scroll of butterflies {unknown}
Potions
 f - 2 potions of magic
 g - a potion of berserk rage
 l - a potion of invisibility


   Skills:
 + Level 17.1 Fighting
 + Level 18.0 Axes
 + Level 10.2 Armour
 + Level 8.5 Dodging
 + Level 0.4 Stealth


You had 9 spell levels left.
You didn't know any spells.
Your spell library was empty.

Dungeon Overview and Level Annotations

Branches:
Dungeon (1/1)

Altars:
Cheibriados
Dithmenos
Elyvilon
Fedhas
Gozag
Hepliaklqana
Kikubaaqudgha
Makhleb
Nemelex Xobeh
Okawaru
Qazlal
Ru
Sif Muna
Trog
Uskayaw
Vehumet
Wu Jian
Xom
Yredelemnul
Zin
The Shining One
Jiyva
Lugonu

Shops:
D ![


Innate Abilities, Weirdness & Mutations

You have a pair of horns on your head.
You reflexively headbutt those who attack you in melee.


Message History

* * * LOW HITPOINT WARNING * * *
Something hits you.
* * * LOW HITPOINT WARNING * * *
Something hits you but does no damage. x2
You hit something. Something hits you but does no damage.
Something hits you but does no damage.
You miss something. Something hits you!
* * * LOW HITPOINT WARNING * * *
Something hits you but does no damage.
There is an open door, spattered with blood here.
You feel much better. Something hits you but does no damage.
Something completely misses you. Something hits you.
* * * LOW HITPOINT WARNING * * *
You hit something. Your headbutt misses something.
Something completely misses you. Something hits you but does no damage.
Something hits you.
* * * LOW HITPOINT WARNING * * *
Something hits you!
* * * LOW HITPOINT WARNING * * *
Something hits you but does no damage. Something hits you but does no damage.
Something hits you.
* * * LOW HITPOINT WARNING * * *
There is an open door, spattered with blood here.
You feel better. Something hits you.
* * * LOW HITPOINT WARNING * * *
You feel yourself speed up. Something hits you!
* * * LOW HITPOINT WARNING * * *
Something hits you.
* * * LOW HITPOINT WARNING * * *
Something completely misses you.
You hit something. You headbutt something! Something completely misses you.
You miss something. Something hits you.
* * * LOW HITPOINT WARNING * * *
You miss something. Your headbutt misses something.
Your punch misses something. Something barely misses you.
Something hits you but does no damage. Something hits you.
* * * LOW HITPOINT WARNING * * *
Something hits you.
You die...

__##'#_.'~~~..§§.#
...'..§_#~~~§§#..#
__##_.#'##'#####'###
__###+#.#..(.###.'.#
### ####[###.###†#
+.....'.∩##.#
###########.#
#.....§.##§#
#..§.§..@§§#
#+++######§# #§# +§#
###


There were no monsters in sight!

Vanquished Creatures
  2 centaur warriors (D)
  A deep troll (D)
  An oklob plant (D)
  2 kobold demonologists (D)
  An unseen horror (D)
  A hornet (D)
  A slime creature (D)
  Sigmund (D)
  A yak (D)
  2 redbacks (D)
  A floating eye (D)
  An ogre (D)
  A jelly (D)
  Ijyb (D)
17 creatures vanquished.

Notes
Turn   | Place    | Note
-------+----------+-------------------------------------------
     0 | D        | boopmooplesden the Minotaur Berserker began the quest for
                  | the Orb.
     0 | D        | Reached XP level 1. HP: 19/19 MP: 0/0
     2 | D        | Noticed Ijyb
     9 | D        | Killed Ijyb
    10 | D        | Reached skill level 5 in Fighting
    10 | D        | Reached skill level 5 in Axes
    10 | D        | Reached XP level 2. HP: 30/30 MP: 1/1
   160 | D        | Noticed an ogre
   162 | D        | Killed an ogre
   163 | D        | Reached skill level 7 in Axes
   163 | D        | Reached XP level 3. HP: 27/40 MP: 2/2
   163 | D        | Reached XP level 4. HP: 32/48 MP: 3/3
   322 | D        | Noticed Sigmund
   335 | D        | Killed Sigmund
   335 | D        | Reached ** piety under Trog
   336 | D        | Reached skill level 10 in Axes
   336 | D        | Reached skill level 5 in Armour
   336 | D        | Reached XP level 5. HP: 25/58 MP: 4/4
   607 | D        | Found a burning altar of Makhleb.
   607 | D        | Found a shimmering altar of Xom.
   607 | D        | Noticed a slime creature
   612 | D        | Killed a slime creature
   613 | D        | Reached skill level 11 in Axes
   613 | D        | Reached skill level 5 in Dodging
   613 | D        | Reached XP level 6. HP: 68/68 MP: 5/5
   613 | D        | Found a viscous altar of Jiyva.
   613 | D        | Found a corrupted altar of Lugonu.
   665 | D        | Noticed a kobold demonologist
   665 | D        | Noticed a floating eye
   666 | D        | Noticed a kobold demonologist
   669 | D        | Killed a floating eye
   670 | D        | Reached skill level 12 in Axes
   670 | D        | Reached XP level 7. HP: 75/75 MP: 6/6
   672 | D        | Killed a kobold demonologist
   673 | D        | Reached skill level 13 in Axes
   673 | D        | Killed a kobold demonologist
   673 | D        | Reached *** piety under Trog
   674 | D        | Reached skill level 14 in Axes
   674 | D        | Reached XP level 8. HP: 86/86 MP: 7/7
   685 | D        | Found an ornate altar of the Wu Jian Council.
   685 | D        | Found a shimmering blue altar of Sif Muna.
   687 | D        | Found a radiant altar of Vehumet.
   714 | D        | Found Zugitas's Distillery.
   714 | D        | Found an ancient bone altar of Kikubaaqudgha.
   714 | D        | Found a hazy altar of Hepliaklqana.
   714 | D        | Found a hide-covered altar of Uskayaw.
   714 | D        | Found a basalt altar of Yredelemnul.
   714 | D        | Found an opulent altar of Gozag.
   714 | D        | Found a snail-covered altar of Cheibriados.
   714 | D        | Found a sacrificial altar of Ru.
   714 | D        | Found a shadowy altar of Dithmenos.
   722 | D        | Found a stormy altar of Qazlal.
   722 | D        | Found a blossoming altar of Fedhas.
   722 | D        | Found a bloodstained altar of Trog.
   722 | D        | Found an iron altar of Okawaru.
   722 | D        | Found a glowing golden altar of the Shining One.
   722 | D        | Found a glowing silver altar of Zin.
   722 | D        | Found a white marble altar of Elyvilon.
   723 | D        | Found a sparkling altar of Nemelex Xobeh.
   727 | D        | Bought a potion of invisibility for 96 gold pieces
  1309 | D        | Noticed a centaur warrior
  1312 | D        | Noticed a centaur warrior
  1320 | D        | Killed a centaur warrior
  1321 | D        | Reached skill level 15 in Axes
  1321 | D        | Killed a centaur warrior
  1321 | D        | Reached **** piety under Trog
  1322 | D        | Reached skill level 15 in Fighting
  1322 | D        | Reached skill level 16 in Axes
  1322 | D        | Reached XP level 9. HP: 85/99 MP: 8/8
  1473 | D        | Noticed a deep troll
  1477 | D        | Killed a deep troll
  1478 | D        | Reached skill level 17 in Axes
  1489 | D        | Found Dozeo's Armour Emporium.
  1497 | D        | Bought the +1 scale mail of Feasting {Contam rElec rF++}
                  | for 418 gold pieces
  1745 | D        | Noticed an oklob plant
  1753 | D        | Killed an oklob plant
  1963 | D        | Reached ***** piety under Trog
  1964 | D        | Reached skill level 10 in Armour
  2119 | D        | Killed an unseen horror
  2120 | D        | Reached skill level 18 in Axes
  2120 | D        | Reached XP level 10. HP: 77/111 MP: 9/9
  2153 | D        | HP: 4/111 [something (8)]
  2155 | D        | HP: 1/111 [something (2)]
  2159 | D        | Slain by an unseen horror

Illustrated notes

Levels and vault maps discovered:
D:        dungeon_sprint_1 [red_sonja_temple_1, red_sonja_temple_small_1]

Skill      XL: |  1  2  3  4  5  6  7  8  9 |
---------------+----------------------------+-----
Fighting       | 5 7 9 11 13 15 17 | 17.1
Axes           | 5 7 10 11 12 14 16 18 | 18.0
Armour         | 3 4 5 6 7 9 10 | 10.2
Dodging        | 3 4 5 6 7 8 |  8.5
Stealth        | |  0.4

Action                   |  1- 3 |  4- 6 |  7- 9 | 10-12 || total
-------------------------+-------+-------+-------+-------++-------
Melee: Hand axe          |     8 |    12 |    58 |    16 ||    94
       Headbutt          |     1 |     2 |    14 |     2 ||    19
       Punch             |       |       |     1 |     1 ||     2
Invok: Berserk           |     2 |     3 |     6 |       ||    11
  Use: Scroll            |       |       |     3 |       ||     3
       Potion            |       |       |       |     3 ||     3
Armor: Animal skin       |     1 |       |       |       ||     1
       Leather armour    |       |     1 |     3 |       ||     4
       Scale mail        |       |       |    11 |    23 ||    34
Dodge: Dodged            |     3 |     5 |    25 |    10 ||    43
